 Dungeon Crawl Stone Soup version 0.19.0-9-gfd783f2 (webtiles) character file.

282715 nikopol the Phalangite (level 20, -14/202 HPs)
             Began as a Minotaur Berserker on Nov 6, 2016.
             Was the Champion of Trog.
             Demolished by a deep elf blademaster
             ... wielding a +0 rapier
              (20 damage)
             ... on level 2 of the Elven Halls on Nov 7, 2016.
             The game lasted 02:48:30 (36604 turns).

nikopol the Phalangite (Minotaur Berserker)        Turns: 36604, Time: 02:48:31

Health: -14/202    AC: 24    Str: 30    XL:     20   Next: 11%
Magic:  21/21      EV: 25    Int:  7    God:    Trog [******]
Gold:   2368       SH:  0    Dex: 22    Spells: 0 memorised, 19 levels left

rFire  . . .     SeeInvis .     a - +9 trident of Hell's Wrath {freeze, +Fly Str+2 Int+3 Stlth+}
rCold  . . .     Gourm    .     e - +6 scale mail of a bazaar {Str+3 Dex+4}
rNeg   . . .     Faith    .     (no shield)
rPois  +         Spirit   .     (helmet restricted)
rElec  .         Reflect  .     S - +2 cloak
rCorr  .         Harm     .     M - +2 pair of gloves
MR     ++++.                    (no boots)
Stlth  ++........               d - amulet of regeneration
                                s - ring of poison resistance
                                T - ring of protection from magic

@: regenerating
A: retaliatory headbutt, horns 2, high mp 1, robust 1, strong 1
a: Berserk, Trog's Hand, Brothers in Arms, Burn Spellbooks, Renounce Religion,
Evoke Flight
}: 1/15 runes: gossamer


You were on level 2 of the Elven Halls.
You worshipped Trog.
Trog was exalted by your worship.
You were not hungry.

You visited 5 branches of the dungeon, and saw 30 of its levels.
You visited the Abyss 2 times.
You visited 1 bazaar.
You also visited: Labyrinth, Ossuary and Ice Cave.

You collected 3328 gold pieces.
You spent 960 gold pieces at shops.

Inventory:

Hand Weapons
 a - the +9 trident of Hell's Wrath (weapon) {freeze, +Fly Str+2 Int+3 Stlth+}
   (You found it on level 3 of the Spider Nest)

   It has been specially enchanted to freeze those struck by it, causing extra
   injury to most foes and up to half again as much damage against particularly
   susceptible opponents.
   It can also slow down cold-blooded creatures.
   It affects your strength (+2).
   It affects your intelligence (+3).
   It lets you fly.
   It makes you more stealthy.
 x - the +8 demon trident of Trog's Outrage {venom, rN+}
   (Trog gifted it to you on level 2 of the Orcish Mines)

   It poisons the flesh of those it strikes.
   It protects you from negative energy.
 z - the +12 shortbow of Tender Mercy {flame, rPois rN+ Str+8 Dex-2}
   (You found it on level 1 of the Spider Nest)

   It causes projectiles fired from it to burn those they strike, causing extra
   injury to most foes and up to half again as much damage against particularly
   susceptible opponents.
   It affects your strength (+8).
   It affects your dexterity (-2).
   It protects you from poison.
   It protects you from negative energy.
 W - a +5 antimagic glaive
Missiles
 j - 677 arrows
Armour
 e - the +6 scale mail of a bazaar (worn) {Str+3 Dex+4}
   (You bought it in a shop on level 9 of the Dungeon)

   It affects your strength (+3).
   It affects your dexterity (+4).
 q - the +4 plate armour of Patterns {rC+ Int-5 Dex+4}
   (You bought it in a shop in a bazaar)

   It affects your intelligence (-5).
   It affects your dexterity (+4).
   It protects you from cold.
 M - a +2 pair of gloves (worn)
 S - a +2 cloak (worn)
Jewellery
 d - an amulet of regeneration (around neck)
 l - an uncursed amulet of faith {unknown}
 m - an uncursed ring of positive energy
 s - a ring of poison resistance (right hand)
 t - a +3 amulet of reflection {unknown}
 y - an uncursed ring of protection from cold
 T - a ring of protection from magic (left hand)
 U - an uncursed ring of protection from fire
 V - an uncursed ring of protection from cold
 Y - an uncursed ring of stealth {unknown}
 Z - an uncursed ring of stealth {unknown}
Wands
 g - a wand of hasting (2/9)
 k - a wand of disintegration (13/24)
 D - a wand of teleportation (3/9)
 X - a wand of digging (7/24)
Scrolls
 f - 15 scrolls of enchant armour
 h - 9 scrolls of teleportation
 i - 4 scrolls of silence
 p - 4 scrolls of blinking
 C - 7 scrolls of fog
 G - 4 scrolls of fear
 K - a scroll of summoning
 N - 2 scrolls of identify
 O - 4 scrolls of recharging
 Q - 12 scrolls of remove curse
 R - 7 scrolls of magic mapping
Potions
 n - 7 potions of might
 r - 23 potions of curing
 u - 4 potions of agility
 w - 3 potions of cancellation
 B - 5 potions of brilliance
 E - 6 potions of haste
 H - 5 potions of heal wounds
 I - 3 potions of magic
 J - 7 potions of flight
 P - 2 potions of resistance
Comestibles
 b - a royal jelly
 c - 16 bread rations
 o - 5 beef jerkies
 v - 10 meat rations
 A - 44 fruits
 F - 7 chunks of flesh
 L - 12 slices of pizza


   Skills:
 + Level 17.2 Fighting
 * Level 22.2 Polearms
 + Level 17.2 Bows
 + Level 16.6 Armour
 + Level 15.9 Dodging


You had 19 spell levels left.
You didn't know any spells.

Dungeon Overview and Level Annotations

Branches:
Dungeon (15/15)            Temple (0/1) D:5            Lair (6/6) D:10
 Shoals (0/4) Lair:4       Spider (4/4) Lair:3        Slime (0/5) Lair:6
    Orc (2/2) D:9             Elf (3/3) Orc:2        Vaults (0/5) D:13
 Depths (0/5) D:15

Altars:
Cheibriados
Elyvilon
Fedhas
Gozag
Nemelex Xobeh
Qazlal
Uskayaw
Xom
Yredelemnul
Zin
The Shining One
Jiyva

Shops:
D:5 (   D:6 (:*(   D:9 [   Orc:2 [?(=   Elf:1 *

Annotations:
Elf:2 1 runed door


Innate Abilities, Weirdness & Mutations

You reflexively headbutt those who attack you in melee.
You have a pair of horns on your head.
You have an increased reservoir of magic. (+10% MP)
You are robust. (+10% HP)
Your muscles are strong. (Str +2)


Message History

* * * LOW HITPOINT WARNING * * *
The deep elf blademaster hits you with a rapier.
* * * LOW HITPOINT WARNING * * *
The deep elf blademaster hits you with a rapier!
* * * LOW HITPOINT WARNING * * *
You climb upwards.
Level annotation: 1 runed door
There is a stone staircase leading down here.
Your skin crawls.
You feel resistant to hostile enchantments.
You feel somewhat more hungry.
The deep elf blademaster hits you with a rapier!
* * * LOW HITPOINT WARNING * * *
The deep elf blademaster closely misses you.
The glaive of venom barely misses you. You furiously retaliate!
You headbutt the glaive of venom, but do no damage.
The deep elf blademaster hits you with a rapier.
* * * LOW HITPOINT WARNING * * *
The deep elf blademaster hits you with a rapier!!
You die...

###........##........####))##
#. #
#..#.#...###......##...### #.
# #........# ##.....##...# #.
###........# #''#####...# #.
.########..# #..# #.).# #. ##
#..# #..# ##..# #. # #..#
#..# #..# #. # #..#
#(e######[.### ## ##
###########@..........# # .#
##.......###..###..###)# # .#
##.........###.# #..#
#.###### .###.......)...##.#
#..# #......#
'##.....###....##.#
#..###.#.#..# '.+...###
###..)#.# #..##.......#
#.##### ####..# #..##..#.#..#
')'...### ###)....#
#..##........
'##.....###....##.#
#..##........


You could see a deep elf blademaster and a glaive of venom.

Vanquished Creatures
  Bai Suzhen (Elf:3)
  Nikola (Spider:2)
  A profane servitor (Abyss:2)
  Jorgrun (Spider:2)
  A deep elf master archer (Elf:3)
  A tentacled starspawn (Abyss:2)
  Agnes (Spider:3)
  8 deep elf sorcerers
  6 ghost moths
  6 emperor scorpions
  2 deep elf elementalists (Elf:3)
  3 entropy weavers
  Azrael (Elf:1)
  4 deep elf demonologists
  4 deep elf annihilators (Elf:3)
  2 spark wasps (Spider:4)
  A minotaur (Lab)
  The ghost of Philosophy the Markscentaur, a journeyman CeHu of Okawaru (Orc:1)
  4 deep elf death magi (Elf:3)
  A fire dragon (D:15)
  10 deep elf high priests (Elf:3)
  Fannar (Orc:1)
  An ice dragon (D:15)
  2 vault guards (D:13)
  11 hydras
  The ghost of feelmyfire the Basher, a journeyman GrFi of Okawaru (IceCv)
  A catoblepas (D:14)
  7 death yaks
  33 dancing weapons
  3 centaur warriors
  4 tengu warriors
  4 thrashing horrors (Abyss:2)
  4 orc high priests (Orc:2)
  A queen ant (Spider:2)
  A hell hog (Abyss:2)
  Nergalle (D:9)
  18 deep elf knights
  A wretched star (D:14)
  3 unseen horrors
  14 deep elf archers
  5 orc knights
  6 hill giants
  6 wizards
  60 deep elf magi
  35 wolf spiders
  A necromancer (D:13)
  6 orc sorcerers
  4 ugly things
  21 orb spiders
  3 manticores
  3 cyclopes
  2 guardian serpents (D:12)
  A centaur zombie (D:12)
  11 elephants
  A siren (Lair:4)
  2 moths of wrath
  The ghost of Krapule the Skirmisher, a novice MiFi (D:4)
  Maurice (D:9)
  Joseph (D:8)
  A smoke demon (Abyss:2)
  3 black mambas
  14 spiny frogs
  Psyche (D:9)
  3 ice statues (IceCv)
  The ghost of Rationalist the Chopper, a novice DsGl (D:5)
  An orange demon (Abyss:2)
  5 komodo dragons
  6 rime drakes
  12 demonic crawlers
  A yaktaur (D:15)
  A minotaur zombie (Lab)
  A troll (shapeshifter) (Elf:2)
  A tengu conjurer (D:13)
  10 trolls
  25 jumping spiders
  9 hornets
  9 polar bears
  3 meliai (D:15)
  5 two-headed ogres
  3 large abominations (Abyss:2)
  Grinder (D:3)
  6 slime creatures
  2 raiju (Abyss:2)
  6 blink frogs
  9 hippogriffs
  13 dream sheep
  5 air elementals
  71 redbacks
  16 spriggans
  An ettin skeleton (Abyss:2)
  4 wyverns
  2 water elementals
  A basilisk (D:15)
  25 tarantellas
  4 wraiths
  40 yaks
  Grum (D:11)
  A basilisk (shapeshifter) (D:11)
  10 fire elementals
  A steam dragon (D:12)
  18 humans (D:13)
  3 hungry ghosts
  A chaos spawn (Abyss:2)
  A mottled dragon (D:15)
  20 soldier ants (Spider:2)
  4 wargs
  5 insubstantial wisps (Abyss:2)
  16 water moccasins
  2 hell hounds (Elf:1)
  7 porcupines
  A swamp drake (D:9)
  22 orc warriors
  8 black bears
  A phantom (D:4)
  11 ice beasts
  2 sky beasts
  A hornet zombie (D:14)
  2 boggarts (Lair:6)
  4 ogres
  44 wolves
  2 centaurs
  15 crocodiles
  3 big kobolds (D:12)
  Blork the orc (D:6)
  21 bullfrogs
  A wyvern zombie (D:12)
  3 small abominations (Abyss:2)
  10 scorpions
  19 wights
  2 electric eels
  3 howler monkeys
  7 crimson imps
  2 bullfrog zombies
  9 starcursed masses (Abyss:2)
  2 human zombies (Ossuary)
  6 jellies
  4 hounds
  2 bullfrog skeletons (D:5)
  24 orc priests
  2 iron imps (Abyss:2)
  3 centaur skeletons
  2 iguanas
  27 orc wizards
  30 worker ants
  A big kobold zombie (Ossuary)
  A hound zombie (D:5)
  A hound skeleton (D:8)
  4 mummies
  A worker ant zombie (D:5)
  5 adders
  3 gnolls (D:3)
  6 river rats (D:10)
  3 scorpion zombies (Ossuary)
  3 shadow imps
  An ufetubus (Abyss:2)
  A worm (D:6)
  2 dart slugs
  5 leopard geckos
  85 orcs
  3 giant cockroaches
  5 gnoll zombies
  6 goblins
  5 hobgoblins
  6 jackals
  5 quokkas
  A ball python (D:3)
  15 bats
  11 frilled lizards
  A goblin zombie (Ossuary)
  3 hobgoblin zombies (Ossuary)
  5 kobolds
  4 kobold zombies (Ossuary)
  A leopard gecko skeleton (D:4)
  A leopard gecko zombie (D:5)
  2 orc zombies (Ossuary)
  A quokka skeleton (D:5)
  2 quokka zombies
  17 rats
  4 fungi
  2 plants (D:10)
  A starspawn tentacle (Abyss:2)
1271 creatures vanquished.

Vanquished Creatures (collateral kills)
  Arachne (Spider:4)
  3 wolf spiders (Spider:4)
4 creatures vanquished.

Vanquished Creatures (others)
  A deep elf annihilator (Elf:3)
  A wolf spider (Spider:4)
  2 orcs
  A starspawn tentacle (Abyss:2)
5 creatures vanquished.

Grand Total: 1280 creatures vanquished

Notes
Turn   | Place    | Note
-------+----------+-------------------------------------------
     0 | D:1      | nikopol the Minotaur Berserker began the quest for the Orb.
     0 | D:1      | Reached XP level 1. HP: 19/19 MP: 0/0
   329 | D:1      | Reached XP level 2. HP: 27/27 MP: 1/1
   736 | D:2      | Reached skill level 4 in Polearms
   891 | D:2      | Found a glowing golden altar of the Shining One.
  1007 | D:2      | Reached XP level 3. HP: 33/33 MP: 2/2
  1038 | D:2      | Reached ** piety under Trog
  1654 | D:3      | Found a blossoming altar of Fedhas.
  1692 | D:3      | Found a faded altar of an unknown god.
  1792 | D:3      | Reached XP level 4. HP: 12/41 MP: 3/3
  2544 | D:3      | Reached XP level 5. HP: 28/47 MP: 4/4
  2893 | D:3      | Noticed Grinder
  2911 | D:3      | Paralysed by Grinder for 5 turns
  2923 | D:3      | Killed Grinder
  2923 | D:3      | Reached skill level 5 in Fighting
  2923 | D:3      | Reached skill level 5 in Polearms
  2923 | D:3      | Reached XP level 6. HP: 38/56 MP: 5/5
  3169 | D:4      | Found a stormy altar of Qazlal.
  3328 | D:4      | Reached skill level 5 in Armour
  3328 | D:4      | Reached XP level 7. HP: 61/61 MP: 6/6
  3333 | D:4      | Reached skill level 6 in Polearms
  3359 | D:4      | Found a snail-covered altar of Cheibriados.
  3442 | D:4      | Found a hide-covered altar of Uskayaw.
  3615 | D:4      | Noticed Krapule's ghost (novice MiFi)
  3617 | D:4      | Reached skill level 5 in Dodging
  3635 | D:4      | Killed Krapule's ghost
  3635 | D:4      | Reached XP level 8. HP: 71/71 MP: 7/7
  3777 | D:4      | Reached *** piety under Trog
  3958 | D:4      | Reached skill level 7 in Polearms
  4098 | D:4      | Found an opulent altar of Gozag.
  4215 | D:5      | Entered Level 5 of the Dungeon
  4489 | D:5      | Found Yguesule's Antique Weapon Shop.
  4764 | D:5      | Found a white marble altar of Elyvilon.
  5167 | D:5      | Noticed Rationalist's ghost (novice DsGl)
  5183 | D:5      | Killed Rationalist's ghost
  5183 | D:5      | Reached skill level 8 in Polearms
  5183 | D:5      | Reached XP level 9. HP: 80/80 MP: 8/8
  5244 | D:5      | Found a staircase to the Ecumenical Temple.
  5306 | D:5      | Found a shimmering altar of Xom.
  5424 | D:5      | Found a basalt altar of Yredelemnul.
  5533 | D:6      | Reached **** piety under Trog
  5757 | D:6      | Found a sand-covered staircase.
  5763 | Ossuary  | Entered an ossuary
  5989 | Ossuary  | Reached ***** piety under Trog
  6160 | D:6      | Reached skill level 9 in Polearms
  6175 | D:6      | Noticed Blork the orc
  6182 | D:6      | Killed Blork the orc
  6231 | D:6      | Found Dexumok's Weapon Boutique.
  6308 | D:6      | Reached skill level 1 in Bows
  6477 | D:6      | Found Kazuluymn's Assorted Antiques.
  6522 | D:6      | Found Udul Egi's Book Shoppe.
  6549 | D:6      | Found Emyufat's Antique Weapon Shop.
  6844 | D:7      | Received a gift from Trog
  6870 | D:7      | You fall through a shaft for 2 floors!
  6870 | D:9      | Noticed Psyche
  6879 | D:9      | Killed Psyche
  6879 | D:9      | Reached XP level 10. HP: 89/91 MP: 9/9
  7603 | D:7      | Found a sparkling altar of Nemelex Xobeh.
  7685 | D:8      | Noticed Joseph
  7695 | D:8      | Killed Joseph
  7774 | D:8      | Gained mutation: You are robust. (+10% HP) [potion of beneficial mutation]
  7775 | D:8      | Gained mutation: You have an increased reservoir of magic. (+10% MP) [potion of beneficial mutation]
  7776 | D:8      | Gained mutation: Your muscles are strong. (Str +2) [potion of beneficial mutation]
  7919 | D:8      | Reached skill level 10 in Polearms
  8102 | D:9      | Found Ynaimab's Antique Armour Shop.
  8105 | D:9      | Bought a jade-encrusted scale mail for 189 gold pieces
  8115 | D:9      | Identified the +6 scale mail of a bazaar {Str+3 Dex+4} (You bought it in a shop on level 9 of the Dungeon)
  8523 | D:9      | Noticed Maurice
  8533 | D:9      | Killed Maurice
  8731 | D:9      | Reached skill level 5 in Bows
  8759 | D:9      | Found a staircase to the Orcish Mines.
  8986 | D:10     | Entered Level 10 of the Dungeon
  9430 | D:10     | Reached XP level 11. HP: 95/108 MP: 11/11
  9433 | D:10     | Reached skill level 11 in Polearms
  9437 | D:10     | Reached skill level 10 in Fighting
  9460 | D:10     | Found a staircase to the Lair.
  9727 | Lair:1   | Entered Level 1 of the Lair of Beasts
 10025 | Lair:1   | Noticed a seven-headed hydra
 10032 | Lair:1   | Killed a seven-headed hydra
 10032 | Lair:1   | Reached skill level 10 in Armour
 10503 | Lair:2   | Received a gift from Trog
 10571 | Lair:2   | Found a labyrinth entrance.
 10576 | Lab      | Entered a labyrinth
 11132 | Lab      | Noticed a minotaur
 11145 | Lab      | Killed a minotaur
 11145 | Lab      | Reached skill level 12 in Polearms
 11309 | Lab      | Identified the Tome of Torrid Conjuration
 11311 | Lab      | Got a scorched chain mail
 11333 | Lair:2   | Noticed an eight-headed hydra
 11349 | Lair:2   | Killed an eight-headed hydra
 11625 | Lair:2   | Reached skill level 10 in Dodging
 11625 | Lair:2   | Reached XP level 12. HP: 118/118 MP: 12/12
 12196 | Lair:3   | Noticed a four-headed hydra
 12233 | Lair:3   | Killed a four-headed hydra
 12469 | Lair:3   | Found a hole to the Spider Nest.
 12562 | Lair:3   | Reached ****** piety under Trog
 12562 | Lair:3   | Received a gift from Trog
 12789 | Lair:3   | Reached skill level 13 in Polearms
 13182 | Lair:4   | Received a gift from Trog
 13418 | Lair:4   | Found a staircase to the Shoals.
 13473 | Lair:4   | Received a gift from Trog
 13492 | Lair:4   | Noticed a five-headed hydra
 13507 | Lair:4   | Killed a five-headed hydra
 14226 | Lair:5   | Noticed a death yak
 14230 | Lair:5   | Noticed a death yak
 14235 | Lair:5   | Noticed a death yak
 14243 | Lair:5   | Killed a death yak
 14254 | Lair:5   | Killed a death yak
 14254 | Lair:5   | Reached skill level 10 in Bows
 14262 | Lair:5   | Killed a death yak
 14527 | Lair:5   | Reached XP level 13. HP: 128/128 MP: 13/13
 14672 | Lair:5   | Reached skill level 14 in Polearms
 14907 | Lair:5   | Identified the cursed +1 chain mail of Sijae {Dex+2} (You found it in a labyrinth)
 15402 | Lair:6   | Entered Level 6 of the Lair of Beasts
 15510 | Lair:6   | Received a gift from Trog
 15919 | Lair:6   | Reached skill level 15 in Polearms
 16063 | Lair:6   | Received a gift from Trog
 16142 | Lair:6   | Identified the Catalogue of Mutagenic Beguiling
 16330 | Lair:6   | Reached XP level 14. HP: 139/139 MP: 14/14
 16363 | Lair:6   | Received a gift from Trog
 16665 | Lair:6   | Found a staircase to the Slime Pits.
 16667 | Lair:6   | Found a viscous altar of Jiyva.
 16848 | Lair:6   | Received a gift from Trog
 17295 | Orc:1    | Entered Level 1 of the Orcish Mines
 17295 | Orc:1    | Noticed Fannar
 17298 | Orc:1    | Noticed Nergalle
 17365 | Orc:1    | Noticed Philosophy's ghost (journeyman CeHu)
 17382 | D:9      | Killed Nergalle
 17409 | Orc:1    | Killed Philosophy's ghost
 17417 | Orc:1    | Killed Fannar
 17757 | Orc:2    | Entered Level 2 of the Orcish Mines
 18164 | Orc:2    | Found a staircase to the Elven Halls.
 18275 | Orc:2    | Reached skill level 16 in Polearms
 18304 | Orc:2    | Paralysed by an orc sorcerer for 5 turns
 18429 | Orc:2    | Received a gift from Trog
 18501 | Orc:2    | Got a slimy demon trident {god gift}
 18502 | Orc:2    | Identified the +8 demon trident of Trog's Outrage {venom, rN+} (Trog gifted it to you on level 2 of the Orcish Mines)
 18617 | Orc:2    | Found Dykul's Jewellery Shop.
 18617 | Orc:2    | Found Deisalip's Armour Shop.
 18619 | Orc:2    | Found Konaesmu's Magic Scroll Emporium.
 18624 | Orc:2    | Found Deri's Weapon Emporium.
 18810 | Orc:2    | Bought a scroll of enchant weapon for 127 gold pieces
 19075 | D:11     | Noticed Grum
 19088 | D:11     | Killed Grum
 20413 | D:12     | Received a gift from Trog
 20799 | D:12     | Reached XP level 15. HP: 146/149 MP: 15/15
 21082 | D:13     | Found a frozen archway.
 21109 | IceCv    | Entered an ice cave
 21109 | IceCv    | Noticed feelmyfire's ghost (journeyman GrFi)
 21125 | IceCv    | Killed feelmyfire's ghost
 21378 | IceCv    | Got a crude jade amulet
 21566 | D:13     | Received a gift from Trog
 21592 | D:13     | Found a gate to the Vaults.
 22446 | D:13     | Reached skill level 17 in Polearms
 22849 | D:14     | Identified the amulet "Toysekhle" {Inacc rF+ rN+ Int+3} (You found it in an ice cave)
 22964 | D:14     | Found a glowing silver altar of Zin.
 23058 | D:14     | Received a gift from Trog
 23122 | D:14     | Cast into level 2 of the Abyss (a wizard)
 23157 | D:14     | Escaped the Abyss
 23162 | D:14     | Lost intelligence.
 23335 | D:14     | Received a gift from Trog
 23798 | D:15     | Entered Level 15 of the Dungeon
 23815 | D:15     | Found a flickering gateway to a bazaar.
 23825 | Bazaar   | Entered a bazaar
 23898 | Bazaar   | Found Goragein's Food Shop.
 23928 | Bazaar   | Found Uguffekk's Weapon Boutique.
 23928 | Bazaar   | Found Avestiem's Weapon Shop.
 23953 | Bazaar   | Found Finan's Antique Armour Boutique.
 23960 | Bazaar   | Bought a spiked plate armour for 644 gold pieces
 24285 | D:15     | Received a gift from Trog
 24752 | D:15     | Received a gift from Trog
 24916 | D:15     | Found a staircase to the Depths.
 25510 | D:10     | Upgraded the game from 0.19.0-2-gae57169 to 0.19.0-9-gfd783f2
 25708 | Spider:1 | Entered Level 1 of the Spider Nest
 25864 | Spider:1 | Reached XP level 16. HP: 146/161 MP: 16/16
 26423 | Spider:1 | Got a crystal shortbow
 26425 | Spider:1 | Identified the +4 plate armour of Patterns {rC+ Int-5 Dex+4} (You bought it in a shop in a bazaar)
 26426 | Spider:1 | Identified the +12 shortbow of Tender Mercy {flame, rPois rN+ Str+8 Dex-2} (You found it on level 1 of the Spider Nest)
 26923 | Spider:2 | Reached skill level 15 in Bows
 26966 | Spider:2 | Received a gift from Trog
 26966 | Spider:2 | Reached skill level 18 in Polearms
 27378 | Spider:2 | Noticed Nikola
 27395 | Spider:2 | Killed Nikola
 27409 | Spider:2 | Noticed Jorgrun
 27526 | Spider:2 | Killed Jorgrun
 27615 | Spider:2 | Received a gift from Trog
 27651 | Spider:2 | Reached skill level 19 in Polearms
 27651 | Spider:2 | Reached XP level 17. HP: 169/169 MP: 17/17
 28152 | Spider:3 | Reached skill level 15 in Fighting
 28203 | Spider:3 | Received a gift from Trog
 28209 | Spider:3 | Got a bloodstained demon trident {god gift}
 28210 | Spider:3 | Identified the +5 demon trident of Deformation {vamp, rElec Str+2 Dex+3} (Trog gifted it to you on level 3 of the Spider Nest)
 28388 | Spider:3 | Got a translucent trident
 28389 | Spider:3 | Identified the +9 trident of Hell's Wrath {freeze, +Fly Str+2 Int+3 Stlth+} (You found it on level 3 of the Spider Nest)
 28525 | Spider:3 | Noticed Agnes
 28531 | Spider:3 | Killed Agnes
 28948 | Spider:4 | Entered Level 4 of the Spider Nest
 29332 | Spider:4 | Reached XP level 18. HP: 167/179 MP: 18/18
 29675 | Spider:4 | Noticed Arachne
 29695 | Spider:4 | Killed Arachne
 29705 | Spider:4 | Received a gift from Trog
 30055 | Spider:4 | Reached skill level 20 in Polearms
 30155 | Spider:4 | Reached skill level 15 in Armour
 30518 | Spider:4 | Got a distressingly furry chain mail
 30519 | Spider:4 | Identified the cursed +1 chain mail "Savvebo" {rN+} (You found it on level 4 of the Spider Nest)
 30576 | Spider:4 | Got a gossamer rune of Zot
 31316 | Elf:1    | Entered Level 1 of the Elven Halls
 31421 | Elf:1    | Received a gift from Trog
 31782 | Elf:1    | Received a gift from Trog
 31816 | Elf:1    | Found Runum's Assorted Antiques.
 32444 | Elf:1    | Noticed Azrael
 32489 | Elf:1    | Killed Azrael
 32751 | Elf:2    | Received a gift from Trog
 33220 | Elf:2    | Reached XP level 19. HP: 186/189 MP: 19/19
 33298 | Elf:2    | Reached skill level 21 in Polearms
 33707 | Elf:2    | Reached skill level 15 in Dodging
 33735 | Elf:2    | Found a runed door.
 33762 | Elf:2    | Found a runed door.
 34343 | Elf:3    | Entered Level 3 of the Elven Halls
 34461 | Elf:3    | Noticed Bai Suzhen
 34485 | Elf:3    | Killed Bai Suzhen
 34809 | Elf:3    | Received a gift from Trog
 35620 | Elf:3    | Cast into level 2 of the Abyss (a deep elf sorcerer)
 35742 | Abyss:2  | Received a gift from Trog
 35895 | Abyss:2  | Noticed a profane servitor
 35926 | Abyss:2  | Paralysed by accursed screaming for 1 turns
 35928 | Abyss:2  | Killed a profane servitor
 35932 | Abyss:2  | Received a gift from Trog
 36078 | Abyss:2  | Reached skill level 22 in Polearms
 36083 | Elf:3    | Escaped the Abyss
 36260 | Elf:3    | Reached XP level 20. HP: 202/202 MP: 21/21
 36599 | Elf:3    | HP: 6/202 [glaive of venom (16)]
 36604 | Elf:2    | HP: 9/202 [deep elf blademaster/rapier (9)]
 36604 | Elf:2    | Demolished by a deep elf blademaster

Skill      XL: |  1  2  3  4  5  6  7  8  9 10 11 12 13 14 15 16 17 18 19 |
---------------+----------------------------------------------------------+-----
Polearms       | 4 5 6 8 9 10 12 13 15 16 17 19 20 22 | 22.2
Fighting       | 4 5 6 7 9 10 11 12 13 14 15 16 17 | 17.2
Armour         | 3 4 5 6 7 8 9 10 11 12 13 14 15 16 | 16.6
Dodging        | 3 4 5 7 8 9 10 11 12 13 14 15 | 15.9
Bows           | 2 5 8 10 11 13 14 15 16 17 | 17.2

Action                   |  1- 3 |  4- 6 |  7- 9 | 10-12 | 13-15 | 16-18 | 19-21 || total
-------------------------+-------+-------+-------+-------+-------+-------+-------++-------
Melee: Spear             |   119 |    24 |       |       |       |       |       ||   143
       Headbutt          |    10 |    13 |    74 |   181 |   279 |   157 |    53 ||   767
       Trident           |       |    70 |   327 |   681 |   604 |   306 |   194 ||  2182
       Demon trident     |       |       |       |       |   402 |   223 |       ||   625
       Shortbow          |       |       |       |       |     1 |     5 |     1 ||     7
 Fire: Shortbow          |       |       |    31 |    90 |   688 |   695 |   453 ||  1957
Invok: Trog's Hand       |       |     1 |       |       |       |       |     1 ||     2
       Berserk           |       |       |     4 |     4 |     6 |     1 |     1 ||    16
       Burn Spellbooks   |       |       |     1 |     2 |     4 |     1 |     2 ||    10
       Brothers in Arms  |       |       |       |       |       |     1 |       ||     1
Evoke: Wand              |       |       |       |       |       |     1 |       ||     1
  Use: Scroll            |       |       |    10 |     9 |    20 |     8 |     2 ||    49
       Potion            |       |       |       |     3 |       |     1 |     1 ||     5
 Stab: Confused          |       |       |       |     1 |       |       |       ||     1
  Eat: Chunk             |     3 |     5 |    15 |    25 |    38 |    23 |    12 ||   121
       Pizza             |       |       |       |     2 |       |       |       ||     2
       Royal jelly       |       |       |       |       |     1 |       |       ||     1
       Beef jerky        |       |       |       |       |     1 |       |       ||     1
Armor: Animal skin       |     1 |       |       |       |       |       |       ||     1
       Scale mail        |    24 |    19 |    56 |   131 |   313 |   232 |    77 ||   852
       Ring mail         |       |       |       |    11 |       |       |       ||    11
Dodge: Dodged            |    41 |    29 |   136 |   441 |   795 |   460 |   158 ||  2060
